 Dungeon Crawl Stone Soup version 0.24.0-13-gcf9b3192b9 (webtiles) character file.

Game seed: 8633925858438417739, levelgen mode: deterministic

3794 Peloso the Carver (level 9, -3/80 HPs)
             Began as a Minotaur Fighter on Nov 7, 2019.
             Was an Elder of Okawaru.
             Slain by a killer bee (7 damage)
             ... on level 8 of the Dungeon.
             The game lasted 00:15:40 (6767 turns).

Peloso the Carver (Minotaur Fighter)                Turns: 6767, Time: 00:15:41

Health: -3/80      AC: 16    Str: 23    XL:     9   Next: 96%
Magic:  8/8        EV:  4    Int:  5    God:    Okawaru [****..]
Gold:   104        SH: 19    Dex:  8    Spells: 8/8 levels left

rFire    + . .     SeeInvis .   a - +0 long sword
rCold    . . .     Gourm    .   b - +2 large shield {reflect}
rNeg     . . .     Faith    .   t - +0 plate armour {rF+}
rPois    +         Spirit   .   (helmet restricted)
rElec    .         Reflect  +   (no cloak)
rCorr    .         Harm     .   (no gloves)
MR       .....                  c - +1 pair of boots
Stlth    ..........             (no amulet)
HPRegen  0.23/turn              r - ring of poison resistance
MPRegen  0.11/turn              A - -3 ring of dexterity (curse)

@: lethally poisoned (-3 -> -8)
A: retaliatory headbutt, horns 2
a: Heroism, Renounce Religion


You were on level 8 of the Dungeon.
You worshipped Okawaru.
Okawaru was greatly pleased with you.
You were not hungry.

You visited 1 branch of the dungeon, and saw 8 of its levels.

You collected 293 gold pieces.
You spent 189 gold pieces at shops.

Inventory:

Hand Weapons
 a - a +0 long sword (weapon)
 h - a +1 whip of flaming
Armour
 b - a +2 large shield of reflection (worn)
 c - a +1 pair of boots (worn)
 t - a +0 plate armour of fire resistance (worn)
Jewellery
 r - a ring of poison resistance (left hand)
 w - the ring "Acebodet" {Fire MR+ Int+4 Dex-4}
   (You found it on level 4 of the Dungeon)

   [ring of fire]

   It enhances your fire magic.
   It affects your intelligence (+4).
   It affects your dexterity (-4).
   It protects you from fire.
   It makes you vulnerable to cold.
   It affects your resistance to hostile enchantments.
 y - an uncursed ring of fire
 A - a cursed -3 ring of dexterity (right hand)
Wands
 e - a wand of disintegration (12)
 j - a wand of paralysis (18)
 C - a wand of random effects (23)
 D - a wand of flame (18)
Scrolls
 k - 6 scrolls of fear
 l - 5 scrolls of remove curse
 n - a scroll of enchant armour
 o - 2 scrolls of teleportation
 p - a scroll of amnesia
 u - a scroll of fog
 E - a scroll of enchant weapon {unknown}
Potions
 d - 3 potions of might
 g - 2 potions of heal wounds
 i - 6 potions of curing
 q - a potion of resistance
 s - 2 potions of brilliance
 v - a potion of flight
 x - 3 potions of agility
 z - a potion of mutation
 B - a potion of cancellation
Comestibles
 f - 12 rations
 m - 5 chunks of flesh


   Skills:
 + Level 7.6 Fighting
 + Level 10.6 Long Blades
 + Level 8.3 Armour
 + Level 2.3 Dodging
 + Level 0.6 Stealth
 + Level 9.1 Shields
 + Level 1.3 Invocations


You had 8 spell levels left.
You didn't know any spells.
Your spell library was empty.

Dungeon Overview and Level Annotations

Branches:
Dungeon (8/15)             Temple (0/1) D:5
   Lair: D:8-11

Altars:
Ashenzari
Cheibriados
Makhleb
Okawaru
Sif Muna
Trog
Zin
The Shining One

Shops:
D:6 =*   D:7 ?


Innate Abilities, Weirdness & Mutations

You reflexively headbutt those who attack you in melee.
You have a pair of horns on your head.


Message History

You feel sick. You block the killer bee's attack. The killer bee stings you.
* * * LOW HITPOINT WARNING * * *
Your shield and plate armour prevent you from hitting the killer bee.
You feel sick. You block the killer bee's attack. x2
You closely miss the killer bee. You headbutt the killer bee.
The killer bee is moderately wounded.
You feel sick. You block the killer bee's attack.
The killer bee closely misses you.
The phantom blinks!
You block the killer bee's attack.
You closely miss the killer bee.
The killer bee is moderately wounded.
You feel sick. The killer bee stings you.
* * * LOW HITPOINT WARNING * * *
The killer bee stings you but does no damage.
You miss the killer bee.
The killer bee is moderately wounded.
You feel sick. The killer bee stings you.
* * * LOW HITPOINT WARNING * * *
The killer bee stings you!
You die...

#.. #.. #..
..########
##.......########
#........#......##
#.......>........#
#............<...#
####@#######.......#
##.##y##...##......##
#...yWy....######+##
#.. #...Zy........
#...#.............
#...#...))........ ##
#>.###..####W####.
##.##..###..####.#
#.................#


You could see 2 phantoms, 4 killer bees and a killer bee zombie.

Vanquished Creatures
  Pikel (D:7)
  Grinder (D:6)
  Sigmund (D:4)
  A hungry ghost (D:4)
  Eustachio (D:5)
  Duvessa (D:4)
  Edmund (D:7)
  2 orc warriors
  3 ice beasts
  A phantom (D:4)
  3 slaves (D:7)
  3 ogres
  3 centaurs (D:7)
  A big kobold (D:8)
  3 bullfrogs
  Dowan (D:4)
  2 scorpions
  A howler monkey (D:6)
  4 wights (D:6)
  2 crimson imps
  2 bullfrog zombies
  A bullfrog skeleton (D:6)
  A centaur zombie (D:5)
  6 orc wizards
  2 orc priests
  4 worker ants
  An iguana (D:6)
  Natasha (thrice) (D:3)
  2 hound skeletons
  Robin (D:4)
  2 gnolls (D:3)
  8 adders
  A shadow imp (D:5)
  3 oozes
  An adder zombie (D:6)
  2 worms (D:3)
  A dart slug (D:3)
  3 leopard geckos
  21 orcs
  3 ball pythons
  9 bats
  8 giant cockroaches
  14 goblins
  9 hobgoblins
  7 jackals
  5 kobolds
  A quokka (D:7)
  3 frilled lizards (D:1)
  A quokka skeleton (D:7)
  10 rats
171 creatures vanquished.

Vanquished Creatures (others)
  A slave (D:7)
1 creature vanquished.

Grand Total: 172 creatures vanquished

Notes
Turn   | Place    | Note
-------+----------+-------------------------------------------
     0 | D:1      | Peloso the Minotaur Fighter began the quest for the Orb.
     0 | D:1      | Reached XP level 1. HP: 19/19 MP: 0/0
   130 | D:1      | Reached XP level 2. HP: 20/27 MP: 1/1
   848 | D:2      | Reached XP level 3. HP: 33/33 MP: 2/2
   871 | D:2      | Reached skill level 3 in Long Blades
  1063 | D:2      | Reached skill level 1 in Dodging
  1232 | D:2      | Reached XP level 4. HP: 40/40 MP: 3/3
  1306 | D:3      | Noticed Natasha
  1308 | D:3      | Killed Natasha
  1319 | D:3      | Noticed Natasha
  1324 | D:3      | Killed Natasha
  1324 | D:3      | Reached skill level 4 in Long Blades
  1348 | D:3      | Reached XP level 5. HP: 42/46 MP: 4/4
  1397 | D:3      | Noticed Natasha
  1407 | D:3      | Killed Natasha
  1407 | D:3      | Reached skill level 5 in Shields
  1745 | D:3      | Found a shimmering blue altar of Sif Muna.
  1848 | D:3      | Found an iron altar of Okawaru.
  1856 | D:3      | Became a worshipper of Warmaster Okawaru
  2025 | D:4      | Noticed Robin
  2037 | D:4      | Killed Robin
  2080 | D:4      | Noticed a phantom
  2102 | D:4      | Killed a phantom
  2102 | D:4      | Reached skill level 5 in Long Blades
  2102 | D:4      | Reached XP level 6. HP: 14/53 MP: 5/5
  2173 | D:4      | Noticed Sigmund
  2343 | D:4      | Killed Sigmund
  2343 | D:4      | Reached * piety under Okawaru
  2360 | D:4      | Reached skill level 6 in Long Blades
  2360 | D:4      | Reached skill level 5 in Armour
  2360 | D:4      | Reached XP level 7. HP: 48/60 MP: 6/6
  2399 | D:4      | Found a shattered altar of Ashenzari.
  2407 | D:4      | Reached skill level 5 in Fighting
  2457 | D:4      | Got a crude iron ring
  2458 | D:4      | Identified the ring "Acebodet" {Fire MR+ Int+4 Dex-4} (You
                  | found it on level 4 of the Dungeon)
  2485 | D:4      | Noticed Duvessa
  2504 | D:4      | Killed Duvessa
  2507 | D:4      | Noticed Dowan
  2516 | D:4      | Killed Dowan
  2971 | D:4      | Reached ** piety under Okawaru
  2971 | D:4      | Reached skill level 7 in Long Blades
  3184 | D:4      | Noticed a hungry ghost
  3206 | D:4      | Killed a hungry ghost
  3206 | D:4      | Reached XP level 8. HP: 70/70 MP: 5/7
  3379 | D:5      | Entered Level 5 of the Dungeon
  3495 | D:5      | Found a glowing golden altar of the Shining One.
  3698 | D:5      | Reached skill level 1 in Invocations
  3736 | D:5      | Found a staircase to the Ecumenical Temple.
  3806 | D:5      | Found a bloodstained altar of Trog.
  4292 | D:6      | You fall into a shaft and drop 1 floor!
  4461 | D:7      | Noticed Pikel
  4473 | D:7      | Killed Pikel
  4473 | D:7      | Reached *** piety under Okawaru
  4473 | D:7      | Reached skill level 8 in Long Blades
  4786 | D:7      | Reached skill level 9 in Long Blades
  4786 | D:7      | Reached XP level 9. HP: 70/79 MP: 8/8
  4834 | D:7      | Found Biraevun's Magic Scroll Boutique.
  4837 | D:7      | Bought a scroll of identify for 24 gold pieces
  5230 | D:6      | Noticed Grinder
  5233 | D:6      | Paralysed by Grinder for 7 turns
  5436 | D:6      | Noticed Edmund
  5460 | D:7      | Killed Edmund
  5566 | D:6      | Killed Grinder
  5577 | D:6      | Reached **** piety under Okawaru
  5797 | D:6      | Reached skill level 10 in Long Blades
  5885 | D:6      | Noticed Eustachio
  5940 | D:5      | Killed Eustachio
  6165 | D:6      | Found Lakueleuwu's Jewellery Shop.
  6218 | D:6      | Found Kevis's Assorted Antiques.
  6237 | D:6      | Bought a runed large shield for 165 gold pieces
  6525 | D:6      | Found a snail-covered altar of Cheibriados.
  6527 | D:6      | Found a glowing silver altar of Zin.
  6536 | D:6      | Found a burning altar of Makhleb.
  6767 | D:8      | HP: 4/80 [killer bee (6)]
  6767 | D:8      | Slain by a killer bee

Levels and vault maps discovered:
D:1:      dpeg_arrival_fog, layout_basic, minmay_vboxes
D:2:      layout_rooms, minmay_stone_trees_medium
D:3:      layout_loops_ring, okawaru_altar_gauntlet_db, led_sif_pool,
          uniq_natasha
D:4:      layout_basic, cheibrodos_ashenzari_chains, uniq_sigmund, uniq_robin,
          uniq_duvessa
D:5:      layout_loops_corners, lightli_temple_of_fire,
          minmay_temple_entry_waves, first_ration, tso_metal_star
D:6:      layout_cave_pools, minmay_overflow_temple_star_quad, serial_shops,
          shop, minivault_19, grunt_decor_resistance, kennysheep_windowed_goal,
          uniq_eustachio, uniq_edmund, uniq_grinder
D:7:      layout_loops_cross, serial_shops, kennysheep_mini_moat, uniq_pikel
D:8:      layout_gridville, nrook_mini_vaults, blue_anna_alchemist
          [blue_anna_fruit_fields, blue_anna_fruit_fields], grunt_decor_cap,
          item_on_display_a

Skill      XL: |  1  2  3  4  5  6  7  8  9 |
---------------+----------------------------+-----
Shields        | 4 5 6 7 9 |  9.1
Fighting       | 4 6 7 |  7.6
Armour         | 4 5 7 8 |  8.3
Long Blades    | 3 4 5 6 7 9 10 | 10.6
Dodging        | 1 2 |  2.3
Invocations    | 1 |  1.3
Stealth        | |  0.6

Action                   |  1- 3 |  4- 6 |  7- 9 || total
-------------------------+-------+-------+-------++-------
Melee: Long sword        |   104 |   125 |   471 ||   700
       Headbutt          |    17 |    21 |    73 ||   111
Invok: Heroism           |       |       |     5 ||     5
  Use: Scroll            |     3 |       |    13 ||    16
       Potion            |     2 |       |       ||     2
  Eat: Chunk             |     1 |     4 |    14 ||    19
       Ration            |       |       |     1 ||     1
Armor: Scale mail        |    66 |    11 |       ||    77
       Plate armour      |       |    39 |   270 ||   309
Dodge: Dodged            |    36 |    29 |   108 ||   173
Block: Shield            |    81 |    59 |   207 ||   347
       Large shield      |       |       |   103 ||   103
       Reflection        |       |       |     2 ||     2
       Rpst.: Long sword |    10 |    10 |    31 ||    51
